AoeStats
← PoofyCastle58

Arena

509599520Analyzed
4v4 RM · 6d ago on Sep 27, 2026· 47m 41s· 8 players
Game mode
Random Map
Map size
Large (8 player)
Population
200
Speed
Normal
Resources
Standard
Victory
Conquest
Starting age
Dark Age
Ending age
Imperial Age
RankedLock teamsTeams togetherTeam positionsShared explorationLock speedFull tech treeHidden civsTurbo modeCheats
Victory
Defeat
🇺🇸 Goths · United States
904
+16
🇨🇳 Burgundians · China
887
+16
🇺🇸 Turks · United States
844
+18
🇨🇳 Saxons · China
841
+18
🇺🇸 Goths · United States
1005
-21
🇹🇼 Portuguese · Taiwan
955
-19
🇹🇼 Magyars · Taiwan
818
-14
🇨🇳 Turks · China
806
-14
PoofyCastle58
13:11 Feudal Age
15:30 Double-Bit Axe
18:02 Castle Age
15:55 Horse Collar
17:35 Gold Mining
17:49 Stone Mining
19:38 Loom
23:35 Wheelbarrow
24:30 Bow Saw
24:30 Heavy Plow
26:28 Hand Cart
32:13 Scale Mail Armor
35:08 Imperial Age
33:54 Anarchy
34:49 Chain Mail Armor
34:45 Forging
36:23 Town Watch
37:57 Two-Man Saw
37:30 Crop Rotation
37:39 Iron Casting
37:35 Perfusion
37:07 Elite Huskarl
38:08 Conscription
39:38 Blast Furnace
38:30 Fletching
39:28 Squires
44:59 Chemistry
44:19 Ballistics
44:11 Masonry
43:49 Treadmill Crane
44:22 Masonry
44:36 Ballistics
45:16 Chemistry
46:28 Capped Ram
tarhaney
10:52 Feudal Age
11:45 Double-Bit Axe
18:42 Castle Age
18:58 Wheelbarrow
18:13 Town Watch
23:28 Bow Saw
27:05 Imperial Age
25:34 Hand Cart
26:17 Fortified Wall
26:05 Gold Mining
29:39 Loom
40:32 Bloodlines
40:25 Husbandry
46:47 Scale Barding Armor
46:54 Forging
天地银行行长
10:53 Feudal Age
11:39 Double-Bit Axe
11:45 Gold Mining
11:39 Horse Collar
12:39 Stone Mining
18:20 Castle Age
17:08 Fletching
19:33 Bodkin Arrow
19:33 Loom
21:17 Heavy Plow
21:29 Bow Saw
22:34 Scale Mail Armor
22:44 Forging
24:03 Chain Mail Armor
33:28 Imperial Age
31:34 Wheelbarrow
30:44 Town Watch
32:08 Wheelbarrow
33:41 Iron Casting
33:00 Arson
33:17 Squires
34:37 Conscription
33:58 Pikeman
35:11 Plate Mail Armor
35:09 Halberdier
37:57 Hand Cart
39:15 Elite Hearth Troop
40:35 Shield Wall
42:55 Two-Man Saw
42:34 Crop Rotation
44:55 Bracer
45:12 Capped Ram
46:50 Town Watch
LV小吕
9:01 Wheelbarrow
9:03 Double-Bit Axe
13:53 Feudal Age
13:15 Gold Mining
13:16 Stone Mining
13:10 Horse Collar
16:10 Heavy Plow
17:10 Bow Saw
22:14 Castle Age
21:02 Gold Shaft Mining
21:20 Stone Shaft Mining
21:26 Hand Cart
25:10 Two-Man Saw
25:32 Two-Man Saw
28:24 Burgundian Vineyards
29:15 Forging
29:10 Scale Barding Armor
32:00 Iron Casting
31:45 Chain Barding Armor
33:02 Crop Rotation
36:33 Imperial Age
34:13 Treadmill Crane
37:15 Town Watch
39:41 Blast Furnace
39:16 Plate Barding Armor
39:27 Conscription
38:29 Elite Coustillier
39:35 Town Patrol
41:22 Chemistry
40:42 Ballistics
40:28 Husbandry
42:04 Fletching
42:15 Padded Archer Armor
45:11 Fervor
46:24 Leather Archer Armor
46:05 Bodkin Arrow
zncyue
2:48 Loom
12:26 Feudal Age
16:37 Castle Age
15:15 Double-Bit Axe
15:43 Gold Mining
15:38 Horse Collar
16:22 Stone Mining
19:30 Wheelbarrow
22:11 Bow Saw
25:53 Corvinian Army
28:58 Heavy Plow
29:22 Hand Cart
30:45 Town Watch
33:53 Imperial Age
31:16 Fletching
31:33 Pikeman
31:59 Arson
35:53 Elite Magyar Huszar
37:14 Parthian Tactics
36:57 Thumb Ring
40:31 Two-Man Saw
40:04 Crop Rotation
39:38 Scale Mail Armor
39:43 Scale Barding Armor
39:35 Bodkin Arrow
40:17 Gold Shaft Mining
42:39 Husbandry
41:59 Cavalier
42:01 Light Cavalry
42:51 Bloodlines
44:07 Recurve Bow
44:34 Hussar
雙手劍兵
1:18 Loom
11:29 Feudal Age
15:35 Castle Age
14:11 Double-Bit Axe
14:51 Horse Collar
16:54 Bow Saw
16:51 Heavy Plow
20:58 Wheelbarrow
21:01 Stone Mining
22:59 Hand Cart
23:42 Gold Mining
24:08 Town Watch
28:10 Imperial Age
27:17 Forging
27:07 Scale Mail Armor
28:46 Squires
29:30 Pikeman
31:15 Halberdier
32:00 Perfusion
32:21 Conscription
32:42 Coinage
33:34 Iron Casting
33:15 Chain Mail Armor
34:04 Two-Man Saw
34:07 Crop Rotation
35:22 Blast Furnace
36:06 Fletching
37:01 Banking
41:23 Chemistry
40:41 Masonry
40:27 Murder Holes
40:54 Ballistics
41:57 Bodkin Arrow
猫神TRACK
11:40 Feudal Age
13:13 Double-Bit Axe
13:10 Horse Collar
17:48 Castle Age
16:02 Gold Mining
19:12 Bow Saw
23:05 Imperial Age
28:29 Padded Archer Armor
38:05 Town Watch
38:55 Wheelbarrow
38:06 Loom
40:11 Town Patrol
40:38 Heavy Plow
43:42 Leather Archer Armor
Hao
10:04 Feudal Age
8:19 Loom
14:08 Castle Age
13:03 Double-Bit Axe
15:31 Bow Saw
22:28 Wheelbarrow
22:43 Gold Mining
24:20 Stone Mining
24:54 Horse Collar
26:32 Hand Cart
31:12 Imperial Age
29:33 Heavy Plow
29:23 Town Watch
31:18 Fletching
31:29 Padded Archer Armor
31:40 Onager
32:46 Onager
34:34 Two-Man Saw
33:27 Light Cavalry
34:18 Bloodlines
34:10 Husbandry
39:00 Conscription
Connection lost

Rejoining the realm…

Still unreachable

The connection could not be restored.

Session expired

The server has moved on; the page needs a fresh start.